 Dungeon Crawl Stone Soup version 0.21-a0-78-g82a99e0 (webtiles) character file.

94 KristoblXynda the Chucker (level 4, -2/44 HPs)
             Began as an Ogre Hunter on June 21, 2017.
             Slain by a gnoll
             ... wielding a +0 spear
              (8 damage)
             ... on level 3 of the Dungeon.
             The game lasted 00:03:31 (1806 turns).

KristoblXynda the Chucker (Ogre Hunter)             Turns: 1806, Time: 00:03:32

Health: -2/44      AC:  3    Str: 21    XL:     4   Next: 63%
Magic:  4/4        EV: 10    Int: 13    God:
Gold:   95         SH:  0    Dex:  9    Spells: 3/3 levels left

rFire    . . .     SeeInvis .   m - +1 spear (venom)
rCold    . . .     Gourm    .   (no shield)
rNeg     . . .     Faith    .   b - +0 robe
rPois    .         Spirit   .   (helmet restricted)
rElec    .         Reflect  .   (no cloak)
rCorr    .         Harm     .   (gloves unavailable)
MR       .....                  (boots unavailable)
Stlth    +.........             (no amulet)
HPRegen  0.14/turn              j - ring of wizardry
MPRegen  0.09/turn              (no ring)

@: mighty, flying
A: unfitting armour, tough skin 1
a: no special abilities


You were on level 3 of the Dungeon.
You were not hungry.

You visited 1 branch of the dungeon, and saw 3 of its levels.

You collected 95 gold pieces.

Inventory:

Hand Weapons
 m - a +1 spear of venom (weapon)
Missiles
 c - 5 large rocks (quivered)
 d - 2 throwing nets
Armour
 b - a +0 robe (worn)
Jewellery
 j - a ring of wizardry (left hand)
Scrolls
 e - a scroll of recharging {unknown}
 h - a scroll of enchant armour {unknown}
 p - a scroll of fog {unknown}
 q - a scroll of immolation {unknown}
Potions
 a - a potion of might
 g - a potion of flight
 i - a potion of berserk rage {unknown}
 k - a potion of heal wounds {unknown}
 n - a potion of cancellation {unknown}
 o - a potion of lignification {unknown}
Comestibles
 f - 3 bread rations
 l - a meat ration


   Skills:
 - Level 2.6 Fighting
   Level 1.3 Maces & Flails
 + Level 1.0 Polearms
 + Level 4.7 Throwing
 + Level 2.9 Dodging
 - Level 0.6 Stealth


You had 3 spell levels left.
You didn't know any spells.

Dungeon Overview and Level Annotations

Branches:
Dungeon (3/15)

Altars:
Ashenzari


Innate Abilities, Weirdness & Mutations

You are too large for most types of armour.
You have tough skin. (AC +1)


Message History

You struggle against the net.
The gnoll hits you!
You struggle against the net.
The gnoll completely misses you.
You struggle against the net.
The gnoll looks more healthy.
The gnoll hits you.
You struggle against the net.
The gnoll hits you.
* * * LOW HITPOINT WARNING * * *
You rip the net and break free!
The gnoll hits you from afar with a spear.
* * * LOW HITPOINT WARNING * * *
The gnoll hits you.
* * * LOW HITPOINT WARNING * * *
Unknown command.
It was a potion of might.
You feel very mighty all of a sudden. The gnoll completely misses you.
Unknown command.
It was a potion of flight.
You feel very buoyant.
You fly up into the air.
The gnoll hits you from afar with a spear!
You die...

.# $# .# #
<#
####.#####.#
.(......g..#
###.##.#g##
#.#g# ##g#@#
# #.g#.#
#.#.##)#
#.###.#.##.#
#..........#
#######.####
#.# #.# #.#


You could see 3 gnolls.

Vanquished Creatures
  2 adders (D:2)
  A gnoll (D:3)
  2 oozes
  A dart slug (D:1)
  A leopard gecko (D:1)
  3 orcs (D:3)
  3 giant cockroaches (D:2)
  7 goblins
  5 hobgoblins
  3 jackals (D:2)
  A quokka (D:2)
  6 bats
  2 frilled lizards
  5 kobolds
  8 rats
50 creatures vanquished.

Notes
Turn   | Place    | Note
-------+----------+-------------------------------------------
     0 | D:1      | KristoblXynda the Ogre Hunter began the quest for the Orb.
     0 | D:1      | Reached XP level 1. HP: 22/22 MP: 1/1
   228 | D:1      | Reached XP level 2. HP: 23/29 MP: 2/2
   759 | D:1      | Reached skill level 1 in Maces & Flails
   759 | D:1      | Reached XP level 3. HP: 28/36 MP: 3/3
  1035 | D:2      | Found a shattered altar of Ashenzari.
  1523 | D:2      | Reached XP level 4. HP: 40/44 MP: 4/4
  1785 | D:3      | Reached skill level 1 in Polearms
  1806 | D:3      | Slain by a gnoll

Vault maps used:
D:1:      minmay_arrival_four_houses
D:2:      nicolae_overflow_crystal_walls
D:3:      bloody_makhleb

Skill      XL: |  1  2  3  4 |
---------------+-------------+-----
Dodging        | 2 |  2.9
Maces & Flails | 1 |  1.3
Polearms       | 1 |  1.0
Fighting       | |  2.6
Throwing       | |  4.7
Stealth        | |  0.6

Action                   |  1- 3 |  4- 6 || total
-------------------------+-------+-------++-------
Melee: Club              |    39 |       ||    39
       Short sword       |     2 |       ||     2
       Whip              |    78 |       ||    78
       Spear             |    36 |    31 ||    67
  Use: Potion            |       |     2 ||     2
  Eat: Chunk             |     2 |     1 ||     3
Armor: Robe              |    48 |     5 ||    53
Dodge: Dodged            |   103 |    18 ||   121
